Map: Alcyone LE

Players

ИИ 1 (новичок) - Winner!

  • Race: Protoss Protoss
  • Spawn Location: 7:00

Vlad

  • Race: Protoss Protoss
  • League: Master
  • Spawn Location: 1:00

VOD

Have the link to the VOD?

Description

Persnal

Time

  • Played on: May 31, 2024, 2:36 p.m.
  • Length: 9:44
Show
View Real Time Build Order
Export as new Build Order

ИИ 1 (новичок) Protoss - Winner!

Build Orders:  

Get SALT Encoding   

  12  0:00  Probe  
  13  0:13  Probe  
  14  0:19  Pylon  
  14  0:36  Assimilator  
  14  0:42  Gateway  
  14  0:45  Pylon  
  14  1:13  Assimilator  
  14  1:15  Probe  
  14  1:23  Probe  
  15  1:31  Probe  
  16  1:33  Cybernetics Core  
  17  1:42  Probe  
  18  1:54  Probe  
  18  1:59  Warp Gate  
  19  2:02  Probe  
  20  2:09  Stalker  
  22  5:30  Zealot  
  22  5:32  Probe  
  22  5:33  Pylon  
  25  5:36  Robotics Facility  
  25  5:40  Probe  
  25  5:48  Probe  
  27  5:58  Probe  
  26  6:05  Pylon  
  26  6:10  Probe  
  27  6:18  Probe  
  27  6:25  Observer  
  28  6:26  Zealot  
  30  6:43  Observer  
  31  7:03  Nexus  
  31  7:10  Zealot  
  31  7:14  Pylon  
  33  7:39  Immortal  
  37  8:07  Zealot  
  39  8:15  Probe  
  40  8:21  Probe  
  41  8:27  Assimilator  
  41  8:29  Assimilator  
  41  8:30  Probe  
  41  8:33  Probe  
  43  8:44  Probe  
  44  8:52  Probe  
  45  8:59  Probe  
  46  9:04  Stalker  
  46  9:06  Probe  
  49  9:13  Probe  
  50  9:20  Probe  
  51  9:27  Probe  
  51  9:30  Probe  
Show
View Real Time Build Order
Export as new Build Order

Vlad Protoss 

Build Orders: Phoenix Opening, Blink Stalkers, Zealot Archon 

Get SALT Encoding   

  12  0:00  Probe  
  13  0:12  Probe  
  14  0:17  Pylon  
  14  0:24  Probe (Chrono Boost)  
  15  0:37  Gateway, Probe (Chrono Boost)  
  16  0:44  Probe (Chrono Boost)  
  16  0:46  Assimilator  
  17  0:51  Probe  
  17  0:54  Assimilator  
  18  1:03  Probe (Chrono Boost)  
  19  1:13  Probe (Chrono Boost)  
  19  1:15  Gateway  
  19  1:18  Probe (Chrono Boost)  
  21  1:27  Cybernetics Core  
  21  1:29  Probe  
  22  1:36  Pylon  
  22  1:42  Probe  
  23  1:54  Probe  
  24  2:03  Sentry, Stalker  
  24  2:05  Warp Gate  
  28  2:15  Pylon  
  28  2:23  Pylon  
  28  2:27  Sentry  
  28  2:29  Probe  
  31  2:35  Stalker  
  33  2:39  Phoenix  
  33  2:48  Nexus  
  33  2:59  Sentry  
  35  3:08  Shield Battery  
  35  3:09  Probe (Chrono Boost)  
  35  3:12  Twilight Council  
  36  3:15  Pylon  
  36  3:21  Probe (Chrono Boost)  
  37  3:30  Probe (Chrono Boost)  
  38  3:36  Probe  
  38  3:39  Phoenix  
  38  3:40  Blink (Chrono Boost)  
  39  3:48  Probe  
  40  3:58  Stalker  
  40  3:59  Stalker  
  40  4:00  Probe  
  40  4:01  Probe  
  46  4:12  Probe  
  46  4:13  Probe  
  48  4:23  Stalker  
  50  4:24  Probe, Pylon  
  50  4:25  Probe, Stalker  
  54  4:36  Probe  
  54  4:37  Probe  
  56  4:48  Probe  
  56  4:49  Nexus, Probe  
  58  4:55  Pylon  
  58  5:00  Probe  
  58  5:01  Probe, Stalker  
  58  5:06  Stalker  
  64  5:12  Probe  
  64  5:13  Probe  
  66  5:15  Assimilator  
  66  5:18  Robotics Facility  
  66  5:20  Shield Battery  
  66  5:26  Probe x2  
  68  5:30  Forge  
  68  5:38  Probe x2  
  70  5:43  Pylon  
  70  5:45  Charge  
  70  5:47  Pylon  
  70  5:50  Probe  
  70  5:51  Probe  
  70  5:55  Protoss Ground Weapons Level 1 (Chrono Boost)  
  72  5:59  Pylon  
  72  6:03  Probe x2  
  74  6:04  Probe  
  74  6:08  Gateway  
  74  6:09  Gateway  
  75  6:11  Gateway  
  75  6:13  Observer  
  75  6:15  Probe x2  
  78  6:21  Gateway  
  78  6:23  Gateway  
  78  6:24  Gateway  
  78  6:27  Probe x2  
  78  6:28  Probe  
  81  6:37  Assimilator  
  81  6:39  Probe x2  
  83  6:40  Probe  
  83  6:46  Templar Archives  
  84  6:50  Gateway  
  84  6:51  Probe  
  84  6:52  Gateway, Immortal (Chrono Boost)  
  85  6:59  Probe x2  
  91  7:04  Nexus  
  91  7:05  Pylon  
  91  7:07  Zealot  
  93  7:21  Zealot x2  
  97  7:24  High Templar x2  
  97  7:25  High Templar  
  97  7:26  High Templar  
  97  7:27  Zealot  
  97  7:28  Archon  
  107  7:30  Archon  
  107  7:33  Probe x3  
  107  7:35  Protoss Ground Weapons Level 2 (Chrono Boost)  
  110  7:37  Photon Cannon  
  110  7:38  Shield Battery  
  110  7:48  Zealot x6  
  122  7:53  Pylon  
  122  7:57  Pylon  
  122  8:04  Pylon  
  122  8:06  Pylon  
  122  8:07  Zealot  
  122  8:08  Immortal (Chrono Boost)  
  128  8:17  High Templar x2  
  128  8:18  Zealot x5  
  128  8:19  Zealot  
  144  8:27  Observer  
  144  8:29  Archon  
  144  8:30  Zealot x2  
  144  8:31  Pylon  
  148  8:38  Pylon  
  148  8:40  Zealot x6  
  160  8:44  Warp Prism (Chrono Boost)  
  162  8:55  High Templar x2  
  162  8:56  Zealot x2  
  162  9:00  Pylon  
  162  9:02  Pylon  
  170  9:04  Archon  
  170  9:05  Pylon  
  170  9:06  Zealot x4  
  178  9:16  High Templar x2  
  182  9:22  Archon  
  182  9:24  Zealot x2  
  182  9:30  Gateway  
  186  9:34  Gateway  
  186  9:39  Zealot x3  
  186  9:40  Zealot x3  
Tags
 
Add a new tag
Caveats
  • Supply blocks, unpowered buildings, or Contaminate may cause inaccurate times.
  • Supply counts are checked every 10 seconds.